 Dungeon Crawl Stone Soup version 0.18-a0-1560-ge216ca8 (webtiles) character file.

5735 Ijustatesigmund the Skirmisher (level 10, -2/71 HPs)
             Began as an Octopode Transmuter on Mar 12, 2016.
             Was a High Priest of Cheibriados.
             Slain by a spectral orc warrior
             ... wielding a cursed +0 short sword
             ... summoned by Nergalle
              (4 damage)
             ... on level 10 of the Dungeon.
             The game lasted 00:48:32 (11953 turns).

Ijustatesigmund the Skirmisher (OpTm)              Turns: 11953, Time: 00:48:34

Health: -2/71      AC:  2    Str: 22    XL:     10   Next: 77%
Magic:  8/17       EV: 20    Int: 32    God:    Cheibriados [*****.]
Gold:   532        SH:  0    Dex: 31    Spells: 5 memorised, 4 levels left

rFire  . . .     SeeInvis .       - Unarmed
rCold  . . .     Gourm    .     (shield currently unavailable)
rNeg   . . .     Faith    .     (helmet currently unavailable)
rPois  x         Spirit   .     (no amulet)
rElec  .         Dismiss  .     q - ring of wizardry (curse)
rCorr  .         Reflect  .     (no ring)
SustAt .         Harm     .     (no ring)
MR     .....                    (no ring)
Stlth  ++++......               (no ring)
                                (no ring)
                                (no ring)
                                (no ring)

@: spider-form, heavily drained, very slow, not resistant to hostile
enchantments, stealthy
A: almost no armour, (amphibious), 8 rings, (constrict 8), (camouflage 0),
(gelatinous body 0)
a: End Transformation, Bend Time, Temporal Distortion, Slouch, Step From Time,
Renounce Religion


You were on level 10 of the Dungeon.
You worshipped Cheibriados.
Cheibriados was extremely pleased with you.
You were not hungry.
You were a venomous arachnid creature.
You visited 2 branches of the dungeon, and saw 11 of its levels.

You collected 532 gold pieces.

Inventory:

Missiles
 a - 69 arrows
 o - 10 tomahawks (quivered)
Jewellery
 n - an uncursed amulet of faith
 q - a cursed ring of wizardry (left front leg)
Wands
 d - a wand of lightning (5/15)
 f - a wand of heal wounds (2/9)
 i - a wand of slowing (14/48)
 t - a wand of acid (3/15)
 v - a wand of confusion (11/48)
 y - a wand of acid (2/15)
Scrolls
 k - 10 scrolls of remove curse
 l - 2 scrolls of magic mapping
Potions
 e - 2 potions of mutation
 m - a potion of might
 u - a potion of lignification {unknown}
Books
 b - a book of Changes

   Spells                             Type                      Level
   a - Beastly Appendage              Transmutation                1
   b - Sticks to Snakes               Transmutation                2
   c - Spider Form                    Transmutation/Poison         3
   d - Ice Form                       Ice/Transmutation            4
   e - Blade Hands                    Transmutation                5
Comestibles
 c - 10 bread rations
 g - a beef jerky
 h - 6 meat rations


   Skills:
 + Level 7.1(5.4) Fighting
 - Level 3.1(1.5) Dodging
 - Level 6.0(4.3) Stealth
 + Level 6.6(4.9) Unarmed Combat
 - Level 5.0(3.3) Spellcasting
 - Level 6.0(4.3) Transmutations
 - Level 6.0(4.3) Ice Magic
 - Level 3.0(1.5) Poison Magic
 + Level 5.3(3.6) Invocations
 - Level 3.0(1.4) Evocations


You had 4 spell levels left.
You knew the following spells:

 Your Spells              Type           Power        Failure   Level  Hunger
a - Beastly Appendage     Trmt           ####..       1%          1    None
b - Sticks to Snakes      Trmt           ####....     2%          2    None
c - Spider Form           Trmt/Pois      ###.......   9%          3    ##.....
d - Ice Form              Ice/Trmt       ####....     12%         4    ####...
e - Blade Hands           Trmt           ####......   24%         5    #####..


Dungeon Overview and Level Annotations

Branches:
Dungeon (10/15)            Temple (1/1) D:5            Lair (0/8) D:9
    Orc: D:9-12

Altars:
Ashenzari
Cheibriados
Dithmenos
Elyvilon
Fedhas
Gozag
Kikubaaqudgha
Makhleb
Nemelex Xobeh
Okawaru
Pakellas
Qazlal
Ru
Sif Muna
Trog
Vehumet
Xom
Yredelemnul
Zin
The Shining One

Shops:
D:6 =

Annotations:
D:10 Nergalle


Innate Abilities, Weirdness & Mutations

You cannot wear most types of armour.
((You are amphibious.))
You can wear up to eight rings at the same time.
((You can use your tentacles to constrict eight enemies at once.))
((Your skin changes colour to match your surroundings (Stealth).))
((Your rubbery body absorbs attacks (AC +1).))


Message History

You turn into a venomous arachnid creature.
The spectral orc warrior hits you with a long sword.
* * * LOW HITPOINT WARNING * * *
The ice beast barely misses you. The spectral orc warrior misses you.
Nergalle hits you but does no damage.
The spectral orc warrior closely misses you.
The spectral orc knight barely misses you.
The ice beast barely misses you. Nergalle casts a spell at you.
Orcish apparitions take form around you.
The spectral orc warrior hits you with a long sword.
* * * LOW HITPOINT WARNING * * *
You feel drained. The ice beast hits you.
* * * LOW HITPOINT WARNING * * *
The ice beast freezes you!
* * * LOW HITPOINT WARNING * * *
Nergalle casts a spell at you.
Orcish apparitions take form around you.
The spectral orc warrior hits you with a short sword.
You die...

..........>.........
...................
...................
.........##........
.................?
#...............
#......oZ......#
#.....ZYZ###....
#....ZZsZ# #
########...[Z.Z.#
##..............Z#
#..#####.........#
#..≈##########.#.#
#.≈........≈≈###.#
#..≈.≈.≈.≈._≈# ..
#.≈........≈≈# ...
#..≈##########


You could see Nergalle, a spectral orc, 6 spectral orc warriors, 2 spectral orc
knights and an ice beast.

Vanquished Creatures
  A two-headed ogre (D:9)
  Grinder (D:6)
  Sigmund (D:4)
  A spriggan (D:7)
  A yak (D:9)
  A hungry ghost (D:7)
  3 water moccasins
  The ghost of Galewind the Covert, an amateur SpEn (D:3)
  3 orc warriors
  2 ice beasts
  A black bear (D:8)
  3 phantoms
  2 sky beasts (D:9)
  2 ogres (D:4)
  4 centaurs
  A crocodile (D:8)
  Blork the orc (D:4)
  2 big kobolds
  6 giant frogs
  2 scorpions
  4 wights (D:8)
  5 killer bees (D:7)
  2 howler monkeys (D:7)
  3 crimson imps
  A wasp zombie (D:8)
  5 hounds
  2 jellies (D:5)
  3 orc priests
  A centaur skeleton (D:7)
  3 iguanas
  9 orc wizards
  7 worker ants
  A hound skeleton (D:6)
  A worker ant zombie (D:8)
  12 adders
  3 river rats (D:9)
  A shadow imp (D:8)
  An ooze (D:1)
  3 adder skeletons
  An adder zombie (D:8)
  2 worms
  A dart slug (D:1)
  6 giant geckos
  26 orcs
  A ball python (D:5)
  15 bats
  2 giant cockroaches
  13 goblins
  10 hobgoblins
  5 jackals
  17 kobolds
  4 quokkas
  2 giant gecko skeletons
  6 giant newts
  A jackal zombie (D:5)
  11 rats
229 creatures vanquished.

Vanquished Creatures (collateral kills)
  Eustachio (D:5)
  2 yaks (D:9)
  The ghost of Ijustatesigmund the Insei, an amateur OpTm (D:4)
  3 ogres
  2 scorpions
  A howler monkey (D:9)
  2 orc wizards
  A worker ant (D:9)
  2 adders
  A shadow imp (D:7)
  An ooze (D:4)
  2 worms
  11 orcs
  6 bats (D:9)
  A giant cockroach (D:3)
  A hobgoblin (D:3)
  A ball python (D:3)
  A giant gecko skeleton (D:6)
40 creatures vanquished.

Vanquished Creatures (others)
  A quokka (D:6)
  18 fungi (D:9)
  8 plants (D:9)
27 creatures vanquished.

Grand Total: 296 creatures vanquished

Notes
Turn   | Place    | Note
--------------------------------------------------------------
     0 | D:1      | Ijustatesigmund the Octopode Transmuter began the quest for the Orb.
     0 | D:1      | Reached XP level 1. HP: 13/13 MP: 3/3
   339 | D:1      | Reached XP level 2. HP: 18/18 MP: 1/5
   351 | D:1      | Learned a level 2 spell: Sticks to Snakes
   714 | D:1      | Reached skill level 2 in Fighting
   753 | D:1      | Reached XP level 3. HP: 17/24 MP: 6/6
   758 | D:1      | Learned a level 3 spell: Spider Form
  1101 | D:2      | Reached skill level 1 in Poison Magic
  1457 | D:2      | Reached XP level 4. HP: 30/30 MP: 5/7
  2615 | D:3      | Reached skill level 3 in Fighting
  2615 | D:3      | Reached XP level 5. HP: 34/36 MP: 4/8
  2696 | D:3      | Found an oddly glowing altar of Pakellas.
  2777 | D:3      | Noticed Galewind's ghost (amateur SpEn)
  2937 | D:4      | Noticed Ijustatesigmund's ghost (amateur OpTm)
  3285 | D:5      | Entered Level 5 of the Dungeon
  3285 | D:5      | Found a staircase to the Ecumenical Temple.
  3285 | D:5      | Noticed a centaur
  3291 | D:5      | Killed a centaur
  3291 | D:5      | Reached XP level 6. HP: 29/42 MP: 5/9
  3296 | D:5      | Reached skill level 5 in Unarmed Combat
  3587 | Temple   | Entered the Ecumenical Temple
  3759 | Temple   | Became a worshipper of Cheibriados the Contemplative
  3785 | D:5      | Found a sacrificial altar of Ru.
  3832 | D:4      | Noticed Sigmund
  3848 | D:4      | Killed Sigmund
  3848 | D:4      | Reached skill level 4 in Fighting
  3848 | D:4      | Reached skill level 1 in Invocations
  3848 | D:4      | Reached XP level 7. HP: 48/48 MP: 7/10
  4133 | D:4      | Found an opulent altar of Gozag.
  4148 | D:4      | Noticed Blork the orc
  4158 | D:4      | Killed Blork the orc
  4158 | D:4      | Reached skill level 1 in Stealth
  4286 | D:4      | Reached * piety under Cheibriados
  4586 | D:3      | Killed Galewind's ghost
  4586 | D:3      | Reached XP level 8. HP: 25/54 MP: 7/12
  4808 | D:3      | Learned a level 4 spell: Ice Form
  5004 | D:4      | Killed Ijustatesigmund's ghost
  5163 | D:4      | Reached skill level 1 in Ice Magic
  6070 | D:5      | Noticed Eustachio
  6123 | D:5      | Killed Eustachio
  6123 | D:5      | Reached ** piety under Cheibriados
  6123 | D:5      | Reached skill level 5 in Stealth
  6770 | D:6      | Found a white marble altar of Elyvilon.
  6797 | D:6      | Found a blossoming altar of Fedhas.
  6948 | D:6      | Found Taob's Jewellery Shoppe.
  6963 | D:6      | Reached XP level 9. HP: 20/60 MP: 4/13
  7202 | D:6      | Reached skill level 5 in Transmutations
  7222 | D:6      | Found a bloodstained altar of Trog.
  7222 | D:6      | Noticed Grinder
  7235 | D:6      | Found a radiant altar of Vehumet.
  7237 | D:6      | Found a stormy altar of Qazlal.
  7247 | D:6      | Killed Grinder
  7247 | D:6      | Reached skill level 5 in Fighting
  7963 | D:7      | Reached *** piety under Cheibriados
  8257 | D:7      | Reached skill level 1 in Evocations
  8495 | D:7      | Learned a level 5 spell: Blade Hands
  9008 | D:7      | Reached **** piety under Cheibriados
  9028 | D:7      | Reached XP level 10. HP: 50/68 MP: 8/16
  9399 | D:8      | Reached skill level 6 in Fighting
  9457 | D:8      | Reached skill level 5 in Ice Magic
  9558 | D:8      | Found a glowing silver altar of Zin.
  9736 | D:8      | Reached ***** piety under Cheibriados
  9983 | D:8      | Reached skill level 5 in Spellcasting
 10474 | D:9      | Gained mutation: You are agile. (Dex +2) [potion of mutation]
 10474 | D:9      | Gained mutation: You are frail (-10% HP). [potion of mutation]
 10474 | D:9      | Gained mutation: You passively map a small area around you. [potion of mutation]
 10475 | D:9      | Lost mutation: You are frail (-10% HP). [potion of cure mutation]
 10475 | D:9      | Lost mutation: You passively map a small area around you. [potion of cure mutation]
 10475 | D:9      | Lost mutation: You are agile. (Dex +2) [potion of cure mutation]
 11086 | D:9      | Found a shadowy altar of Dithmenos.
 11146 | D:9      | Reached ****** piety under Cheibriados
 11146 | D:9      | Reached skill level 5 in Invocations
 11424 | D:9      | Reached skill level 7 in Fighting
 11553 | D:9      | Found a staircase to the Lair.
 11837 | D:10     | Entered Level 10 of the Dungeon
 11837 | D:10     | Noticed a hill giant
 11920 | D:10     | Found a sacrificial altar of Ru.
 11938 | D:10     | Noticed Nergalle
 11953 | D:10     | HP: 2/71 [ice beast (9)]
 11953 | D:10     | Slain by a spectral orc warrior

Vault maps used:
D:1:      dpeg_arrival_three_same_balls
D:2:      minmay_quantized
D:3:      lemuel_round_altar
D:4:      marbit_many_paths, uniq_blork_the_orc, uniq_sigmund
D:5:      overflow_temple_1_default, temple_fountains, first_bread,
          uniq_eustachio
D:6:      grunt_temple_overflow_open, fedhas_bush_and_centaur_altar,
          serial_shops, nicolae_shop_crystal, elyvilon_altar_4, uniq_grinder
D:7:      the_bakery
D:8:      kennysheep_mini
D:9:      grunt_lair_entry_orc_guard_hut, basic_altar
D:10:     basic_altar, nicolae_ru_path_of_blood, uniq_nergalle
Temple:   chambers_temple_12

Skill      XL: |  1  2  3  4  5  6  7  8  9 10 |
---------------+-------------------------------+-----
Fighting       | 2 3 4 5 7 |  7.1
Poison Magic   | 1 2 3 |  3.0
Unarmed Combat | 4 5 6 |  6.6
Invocations    | 1 3 4 5 |  5.3
Transmutations | 3 4 6 |  6.0
Stealth        | 2 5 6 |  6.0
Dodging        | 3 |  3.1
Spellcasting   | 3 4 5 |  5.0
Ice Magic      | 3 4 6 |  6.0
Evocations     | 2 3 |  3.0

Action                   |  1- 3 |  4- 6 |  7- 9 | 10-12 || total
-------------------------+-------+-------+-------+-------++-------
Melee: Unarmed           |    86 |   108 |   256 |   189 ||   639
Throw: Tomahawk          |       |       |       |     2 ||     2
 Cast: Beastly Appendage |    11 |    18 |    17 |     6 ||    52
       Sticks to Snakes  |       |    19 |    51 |    21 ||    91
       Spider Form       |       |     2 |    13 |     7 ||    22
       Ice Form          |       |       |     9 |    10 ||    19
Invok: Slouch            |       |       |       |     2 ||     2
Evoke: Wand              |       |       |     2 |     5 ||     7
  Use: Scroll            |     6 |     6 |     2 |     7 ||    21
       Potion            |       |     3 |     3 |     5 ||    11
 Stab: Sleeping          |     4 |     3 |     9 |     4 ||    20
       Distracted        |       |       |       |     2 ||     2
       Confused          |       |       |       |     1 ||     1
  Eat: Chunk             |     1 |     7 |     1 |     1 ||    10
       Royal jelly       |       |     1 |       |       ||     1
       Beef jerky        |       |     2 |       |       ||     2
       Fruit             |       |       |     7 |       ||     7
       Bread ration      |       |       |     1 |     1 ||     2
       Pizza             |       |       |     1 |       ||     1
       Meat ration       |       |       |       |     1 ||     1
